 Dungeon Crawl Stone Soup version 0.19-a0-1837-gdfe47cf (webtiles) character file.

7723 stebl the Thaumaturge (level 11, -9/71 HPs)
             Began as a Gargoyle Earth Elementalist on Oct 9, 2016.
             Was a Priest of Vehumet.
             Mangled by a yak (11 damage)
             ... on level 9 of the Dungeon.
             The game lasted 00:58:50 (10169 turns).

stebl the Thaumaturge (GrEE)                       Turns: 10169, Time: 00:58:51

Health: -9/71      AC: 13    Str: 13    XL:     11   Next: 19%
Magic:  0/25       EV: 12    Int: 18    God:    Vehumet [***...]
Gold:   507        SH:  0    Dex: 10    Spells: 4 memorised, 21 levels left

rFire  . . .     SeeInvis .     a - +0 flail (protect)
rCold  . . .     Gourm    .     A - +2 robe {Archmagi}
rNeg   + . .     Faith    .     (no shield)
rPois  ∞         Spirit   .     (no helmet)
rElec  +         Dismiss  .     j - +0 cloak
rCorr  .         Reflect  .     i - +0 pair of gloves
MR     .....     Harm     .     (no boots)
Stlth  ++........               (no amulet)
                                (no ring)
                                (no ring)

@: no status effects
A: negative energy resistance 1, electricity resistance, unbreathing,
petrification resistance, rot immunity, AC +7
a: Renounce Religion


You were on level 9 of the Dungeon.
You worshipped Vehumet.
Vehumet was most pleased with you.
You were not hungry.

You visited 3 branches of the dungeon, and saw 12 of its levels.
You also visited: Sewer.

You collected 633 gold pieces.
You spent 126 gold pieces at shops.

Inventory:

Hand Weapons
 a - a +0 flail of protection (weapon)
Missiles
 b - 101 stones (quivered)
Armour
 i - a +0 pair of gloves (worn)
 j - a +0 cloak (worn)
 A - a +2 robe of the Archmagi (worn)
Rods
 H - a +0 iron rod (4/10)
   (You found it on level 9 of the Dungeon)
Wands
 F - a wand of polymorph (11/24)
Scrolls
 c - a scroll of vulnerability {unknown}
 g - 2 scrolls of immolation
 k - 4 scrolls of remove curse
 p - 2 scrolls of amnesia
 y - a scroll of teleportation
 D - 2 scrolls of recharging {unknown}
 E - a scroll of noise {unknown}
Potions
 f - 2 potions of heal wounds
 h - a potion of magic
 n - a potion of cancellation
 o - 5 potions of curing
 q - 3 potions of resistance
 t - a potion of invisibility {unknown}
 v - a potion of agility {unknown}
 B - a potion of flight {unknown}
Comestibles
 m - 4 meat rations
 x - 4 fruits


   Skills:
 * Level 9.4 Fighting
 - Level 1.5 Dodging
 - Level 2.1 Stealth
 + Level 10.9 Spellcasting
 * Level 4.2 Conjurations
   Level 0.7 Transmutations
 - Level 10.0 Earth Magic


You had 21 spell levels left.
You knew the following spells:

 Your Spells              Type           Power        Failure   Level  Hunger
a - Sandblast             Erth           ######       1%          1    None
b - Stone Arrow           Conj/Erth      ######       1%          3    None
c - Apportation           Tloc           ##........   10%         1    None
e - Lee's Rapid Deconstr  Erth           ######....   1%          5    #####..


Dungeon Overview and Level Annotations

Branches:
Dungeon (10/15)            Temple (1/1) D:6            Lair (1/6) D:9
    Orc: D:9-12

Altars:
Ashenzari
Cheibriados
Dithmenos
Elyvilon
Fedhas
Gozag
Hepliaklqana
Kikubaaqudgha
Makhleb
Nemelex Xobeh
Okawaru
Qazlal
Ru
Sif Muna
Trog
Uskayaw
Vehumet
Xom
Yredelemnul
Zin
The Shining One

Shops:
D:4 [

Annotations:
D:6 Sigmund
Lair:1 mandarbmax's ghost, journeyman DrTm


Innate Abilities, Weirdness & Mutations

You are resistant to torment.
Your stone body is resilient. (AC +7)
You are immune to poison.
You resist negative energy. (rN+)
You are resistant to electric shocks. (rElec)
You can survive without breathing.
You are immune to petrification.
You are immune to rotting.


Message History

Your weapon exudes an aura of protection.
The yak is almost dead.
The yak closely misses you.
You closely miss the yak.
The yak is almost dead.
The yak gores you but does no damage.
Casting: Sandblast
Confirm with . or Enter, or press ? or * to list all spells.
Aiming: Sandblast
Press: ? - help, Shift-Dir - straight line, f/p - yak
Aim: a yak (almost dead)
You feel a surge of power!
The blast of sand hits the yak.
The yak is almost dead.
The yak gores you but does no damage.
You barely miss the yak.
The yak is almost dead.
The yak gores you!
* * * LOW HITPOINT WARNING * * *
The yak gores you!
You die...

...##.##........##......### #..##
..............≈≈≈≈≈≈......# #...#
).....≈.≈.≈..≈≈≈≈≈≈≈.≈..≈.# #...#
......≈≈≈..≈≈≈≈≈≈≈≈≈≈.≈...# #....
.......≈≈≈.≈≈≈≈≈≈≈≈≈≈≈≈...# #....
.......≈≈≈≈≈≈≈≈≈≈≈≈≈≈≈≈...###....
##....≈≈≈≈≈≈.≈≈.≈≈.≈≈≈≈..).......
##....≈≈≈≈≈≈≈:%...≈≈≈≈.≈.......#.
##..............@†.≈≈≈≈........#.
#.....≈≈≈≈≈≈.≈Y..≈≈≈.≈≈......##.
#.......≈≈≈≈...≈..≈≈≈).......##.
#....≈≈≈≈≈≈≈≈≈≈.≈≈≈≈.........##.
##....≈≈≈≈≈≈≈≈≈≈≈≈≈≈≈.....#####.
##....≈≈≈..≈≈≈)≈≈..≈....## #.
#............≈.≈....≈..# #.
#......................# #.
################.#.##### #.


You could see a yak.

Vanquished Creatures
  The ghost of rgaf the Zephyrmancer, a novice HEAE (D:6)
  Joseph (D:9)
  2 trolls (D:9)
  2 two-headed ogres
  Grinder (D:6)
  2 hippogriffs
  4 yaks (D:9)
  A wyvern (D:10)
  A human (D:7)
  4 hogs (D:7)
  A hungry ghost (D:9)
  A water moccasin (D:7)
  Duvessa (D:6)
  Purgy (Sewer)
  5 sky beasts
  2 ogres
  4 orc warriors
  A phantom (D:5)
  An ice beast (D:9)
  2 centaurs
  3 wolves (D:9)
  3 crocodiles
  2 big kobolds
  4 bullfrogs
  A gnoll sergeant (D:8)
  Dowan (D:6)
  2 wyvern zombies
  A wyvern skeleton (D:9)
  A scorpion (D:8)
  An electric eel (D:9)
  A bullfrog zombie (D:7)
  A centaur zombie (D:5)
  3 crimson imps
  A quasit (D:9)
  2 jellies
  4 hounds
  6 orc wizards
  4 orc priests
  Jessica (D:3)
  Natasha (twice) (D:3)
  7 worker ants
  3 hound zombies
  A hound skeleton (D:5)
  A worker ant zombie (D:6)
  4 gnolls (D:8)
  2 river rats (D:6)
  9 adders
  An adder skeleton (D:6)
  A worm (D:6)
  3 dart slugs (D:1)
  5 leopard geckos
  26 orcs
  3 ball pythons
  4 giant cockroaches
  5 goblins
  6 hobgoblins
  18 jackals
  22 kobolds
  3 quokkas
  8 bats
  12 frilled lizards
  A jackal skeleton (D:4)
  A leopard gecko zombie (D:5)
  7 rats
235 creatures vanquished.

Vanquished Creatures (others)
  A worker ant (D:4)
  A worm (D:4)
2 creatures vanquished.

Grand Total: 237 creatures vanquished

Notes
Turn   | Place    | Note
-------+----------+-------------------------------------------
     0 | D:1      | stebl the Gargoyle Earth Elementalist began the quest for the Orb.
     0 | D:1      | Reached XP level 1. HP: 10/10 MP: 3/3
   244 | D:1      | Reached XP level 2. HP: 13/15 MP: 0/5
  1048 | D:1      | Reached XP level 3. HP: 19/19 MP: 5/7
  1573 | D:2      | Learned a level 3 spell: Stone Arrow
  2413 | D:3      | Reached XP level 4. HP: 24/24 MP: 6/8
  2647 | D:3      | Noticed Jessica
  2662 | D:3      | Killed Jessica
  2785 | D:3      | Noticed Natasha
  2800 | D:3      | Killed Natasha
  2800 | D:3      | Reached skill level 5 in Earth Magic
  2800 | D:3      | Reached XP level 5. HP: 11/28 MP: 4/10
  2996 | D:3      | Found a glowing golden altar of the Shining One.
  2998 | D:3      | Found a deep blue altar of Sif Muna.
  2999 | D:3      | Found a hazy altar of Hepliaklqana.
  3001 | D:3      | Found a basalt altar of Yredelemnul.
  3088 | D:3      | Noticed Natasha
  3095 | D:3      | Killed Natasha
  3207 | D:4      | Found Hunir's Armour Emporium.
  3268 | D:4      | Bought a +0 pair of gloves for 63 gold pieces
  3268 | D:4      | Bought a +0 cloak for 63 gold pieces
  3362 | D:4      | Reached XP level 6. HP: 32/32 MP: 8/12
  3757 | D:4      | Reached skill level 1 in Fighting
  3778 | D:4      | Found a sparkling altar of Nemelex Xobeh.
  3881 | D:5      | Entered Level 5 of the Dungeon
  4023 | D:5      | Reached skill level 5 in Spellcasting
  4128 | D:5      | Reached XP level 7. HP: 36/40 MP: 9/15
  4521 | D:5      | Found an iron altar of Okawaru.
  4859 | D:6      | Noticed Grinder
  4872 | D:6      | Found a staircase to the Ecumenical Temple.
  4872 | D:6      | Noticed Dowan
  4875 | Temple   | Entered the Ecumenical Temple
  5005 | Temple   | Became a worshipper of Vehumet
  5052 | D:6      | Noticed Duvessa
  5102 | D:6      | Reached XP level 8. HP: 33/46 MP: 5/18
  5237 | D:6      | Killed Duvessa
  5241 | D:6      | Killed Dowan
  5292 | D:6      | Noticed rgaf's ghost (novice HEAE)
  5314 | D:6      | Reached skill level 1 in Conjurations
  5463 | D:6      | Killed Grinder
  5463 | D:6      | Reached * piety under Vehumet
  5463 | D:6      | Offered knowledge of Sting by Vehumet.
  5480 | D:6      | Found a glowing drain.
  5484 | Sewer    | Entered a sewer
  5537 | Sewer    | Noticed Purgy
  5541 | Sewer    | Killed Purgy
  5541 | Sewer    | Reached skill level 5 in Fighting
  5541 | Sewer    | Reached XP level 9. HP: 53/54 MP: 12/21
  5778 | D:6      | Killed rgaf's ghost
  5786 | D:6      | Learned a level 5 spell: Lee's Rapid Deconstruction
  5920 | D:6      | Noticed Sigmund
  6737 | D:7      | Reached ** piety under Vehumet
  6956 | D:7      | Reached XP level 10. HP: 64/64 MP: 13/23
  6961 | D:7      | Offered knowledge of Searing Ray by Vehumet.
  7908 | D:9      | Found a bloodstained altar of Trog.
  8089 | D:9      | Noticed Joseph
  8701 | D:9      | Killed Joseph
  8701 | D:9      | Reached skill level 10 in Spellcasting
  9105 | D:9      | Found a staircase to the Lair.
  9132 | D:9      | Reached skill level 10 in Earth Magic
  9151 | D:9      | Reached XP level 11. HP: 71/71 MP: 9/25
  9282 | D:9      | Offered knowledge of Throw Frost by Vehumet.
  9711 | D:10     | Entered Level 10 of the Dungeon
  9846 | D:9      | Learned a level 1 spell: Apportation
  9859 | Lair:1   | Entered Level 1 of the Lair of Beasts
  9971 | Lair:1   | Noticed mandarbmax's ghost (journeyman DrTm)
 10155 | D:9      | Reached *** piety under Vehumet
 10169 | D:9      | HP: 2/71 [yak (8)]
 10169 | D:9      | Mangled by a yak

Vault maps used:
D:1:      nicolae_arrival_memento_mori
D:2:      first_bread
D:3:      minitemple, uniq_jessica, uniq_natasha
D:4:      nemelex_altar_shiori, serial_shops, shop, lemuel_flame_loot_1
D:5:      basic_altar
D:6:      gup_sewer_entry_spiral, uniq_duvessa, uniq_sigmund, uniq_grinder
D:7:      grunt_livestock
D:8:      grunt_decor_clamped
D:9:      bloody_trog, erik_lair_island, uniq_joseph
D:10:     trove_entry_hex_spiral, yredelemnul_altar_generic
Temple:   eino_wide_crystal_templ
Sewer:    kennysheep_door_sewer

Skill      XL: |  1  2  3  4  5  6  7  8  9 10 11 |
---------------+----------------------------------+-----
Earth Magic    | 4 5 6 7 8 10 | 10.0
Spellcasting   | 3 4 5 6 8 9 10 | 10.9
Fighting       | 2 3 5 7 9 |  9.4
Conjurations   | 1 3 4 |  4.2
Dodging        | |  1.5
Stealth        | |  2.1
Transmutations | |  0.7

Action                   |  1- 3 |  4- 6 |  7- 9 | 10-12 || total
-------------------------+-------+-------+-------+-------++-------
Melee: Unarmed           |     6 |       |       |       ||     6
       Whip              |       |       |    41 |       ||    41
       Flail             |       |       |       |    70 ||    70
 Cast: Sandblast         |    76 |    78 |   164 |    42 ||   360
       Stone Arrow       |       |       |    29 |   100 ||   129
       Lee's Rapid Decon |       |       |     1 |     9 ||    10
Evoke: Rod               |       |       |       |     2 ||     2
  Use: Scroll            |     5 |     8 |     6 |     1 ||    20
       Potion            |       |       |     2 |       ||     2
 Stab: Sleeping          |       |       |       |     1 ||     1
  Eat: Chunk             |     5 |     1 |     2 |     6 ||    14
       Meat ration       |       |     1 |     1 |     1 ||     3
       Pizza             |       |       |     1 |       ||     1
       Royal jelly       |       |       |       |     1 ||     1
Armor: Robe              |    19 |    11 |    55 |    97 ||   182
Dodge: Dodged            |    28 |    16 |    97 |   133 ||   274
